 Dungeon Crawl Stone Soup version 0.29-a0-486-ga88943ba61 (console) character file.

Game seed: 9962344186652772540

51 Faeu the Sneak (level 3, -4/27 HPs)
             Began as a Vampire Gladiator on May 26, 2022.
             Slain by an iguana (5 damage)
             ... on level 2 of the Dungeon.
             The game lasted 00:01:01 (908 turns).

Faeu the Sneak (Vampire Gladiator)                   Turns: 908, Time: 00:01:02

Health: -4/27      AC:  4    Str: 13    XL:     3   Next: 57%
Magic:  3/3        EV: 13    Int: 10    God:
Gold:   97         SH:  0    Dex: 17    Spells: 2/2 levels left

rFire   . . .      SeeInvis +   a - +0 rapier {short}
rCold   . . .      Faith    .   (no shield)
rNeg    . . .      Spirit   .   b - +0 leather armour
rPois   .          Reflect  .   c - +0 helmet
rElec   .          Harm     .   (no cloak)
rCorr   .          Rampage  .   (no gloves)
Will    .....                   (no boots)
Stlth   +++.......              (no amulet)
HPRegen 0.29/turn               (no ring)
MPRegen 0.08/turn               (no ring)

@: healing quickly
A: alive, fangs 3, see invisible, vampiric 2
a: Exsanguinate


You were on level 2 of the Dungeon.
You visited 1 branch of the dungeon, and saw 2 of its levels.

You collected 97 gold pieces.


Innate Abilities, Weirdness & Mutations

Your natural rate of healing is accelerated.
You have razor-sharp teeth.
You have supernaturally acute eyesight. (SInv)
You are afflicted with vampirism and can become a bat while bloodless.


   Skills:
 - Level 1.7 Fighting
 - Level 3.2 Short Blades
 - Level 1.5 Throwing
 - Level 3.2 Dodging
 * Level 5.3 Stealth


You had 2 spell levels left.
You didn't know any spells.
Your spell library was empty.

Inventory:

Hand Weapons
 a - a +0 rapier (weapon) {short}
Missiles
 d - 3 throwing nets (quivered) {=f!fthrowing}
 e - 6 javelins {throwing}
 k - 98 stones {throwing}
Armour
 b - a +0 leather armour (worn)
 c - a +0 helmet (worn)
 g - a +2 hat
   (You found it on level 1 of the Dungeon)
 i - a +0 scale mail
   (You found it on level 1 of the Dungeon)
 o - a +0 robe
   (You found it on level 1 of the Dungeon)
 p - a +0 scale mail
   (You found it on level 1 of the Dungeon)
 q - a +0 chain mail
   (You found it on level 2 of the Dungeon)
 s - a +0 leather armour
   (You found it on level 2 of the Dungeon)
 w - a +0 ring mail
   (You found it on level 2 of the Dungeon)
Jewellery
 m - a ring of see invisible
   (You found it on level 1 of the Dungeon)
Scrolls
 h - 2 scrolls of identify {unknown}
 j - a scroll of amnesia {unknown}
 t - a scroll of teleportation {unknown}
 u - a scroll of silence {unknown}
 v - a scroll of magic mapping {unknown}
Potions
 f - 2 potions of resistance {unknown}
 l - a potion of degeneration {unknown}
 n - a potion of heal wounds {unknown}
 r - 2 potions of lignification {unknown}

Dungeon Overview and Level Annotations

Branches:
Dungeon (2/15)

Altars:

Shops:
D:2

:!( ############
#..........#
#.....$....#
#..........#
#....).....#
#..........#
#.....†....#
#.?..=.....#####
#..........l...#
...>........###l#
##..........# #@#
.....#.###### #.#
#####?#.# #.#
.#### #.# #.#
...# #.# #.# ...#
#.##### #.# ...#
#.....# #.# ...#
#.....# #.#
...####.....# #.#
............# #.#
###....#....# #.#


You could see an iguana.


Message History

The iguana hisses angrily.
The bat misses you.
The hobgoblin hits you but does no damage.
There are monsters nearby!
You hit the hobgoblin but do no damage. The bat hits you.
The hobgoblin barely misses you.
There are monsters nearby!
You hit the hobgoblin. You bite the hobgoblin.
You kill the hobgoblin!
The bat closely misses you. The frilled lizard barely misses you.
There are monsters nearby!
You closely miss the frilled lizard. The bat hits you but does no damage.
There are monsters nearby!
You hit the bat.
You kill the bat!
The iguana bites you! The frilled lizard barely misses you.
There are monsters nearby!
You are too injured to fight recklessly!
There are monsters nearby!
You are too injured to fight recklessly!
There are monsters nearby!
You are too injured to fight recklessly!
There are monsters nearby!
You are too injured to fight recklessly!
There are monsters nearby!
You are too injured to fight recklessly!
There are monsters nearby!
You are too injured to fight recklessly!
There are monsters nearby!
You are too injured to fight recklessly!
There are monsters nearby!
You are too injured to fight recklessly!
There are monsters nearby!
You are too injured to fight recklessly!
There are monsters nearby!
You are too injured to fight recklessly!
There are monsters nearby!
You are too injured to fight recklessly!
There are monsters nearby!
You are too injured to fight recklessly!
There are monsters nearby!
You are too injured to fight recklessly!
There are monsters nearby!
You are too injured to fight recklessly!
There are monsters nearby!
You are too injured to fight recklessly!
There are monsters nearby!
You are too injured to fight recklessly!
There are monsters nearby!
You are too injured to fight recklessly!
There are monsters nearby!
You are too injured to fight recklessly!
There are monsters nearby!
You are too injured to fight recklessly!
There are monsters nearby!
You are too injured to fight recklessly!
There are monsters nearby!
You are too injured to fight recklessly!
There are monsters nearby!
You are too injured to fight recklessly!
There are monsters nearby!
You are too injured to fight recklessly!
There are monsters nearby!
You are too injured to fight recklessly!
There are monsters nearby!
You are too injured to fight recklessly!
There are monsters nearby!
You are too injured to fight recklessly!
The frilled lizard barely misses you. 😮 HP[-7]
You take 7 damage, and now have 20/27 hp.
MASSIVE DAMAGE!! (PAUSE)
The iguana hisses menacingly.
The frilled lizard attacks as you move away!
The frilled lizard bites you. 😮 HP[-1]
You take 1 damage, and now have 19/27 hp.
The iguana attacks as you move away! The iguana barely misses you.
The frilled lizard attacks as you move away!
The frilled lizard closely misses you. The iguana attacks as you move away!
The iguana bites you.
You hit the iguana but do no damage. You bite the iguana, but do no damage.
The iguana completely misses you. The iguana bites you. 😮 HP[-2]
You take 2 damage, and now have 17/27 hp.
You hit the iguana. You bite the iguana, but do no damage.
The iguana bites you. 😮 HP[-3]
You take 3 damage, and now have 14/27 hp.
You hit the iguana. Your bite misses the iguana. The iguana bites you.
* * * LOW HITPOINT WARNING * * *
😨 HP[-5]
You take 5 damage, and now have 9/27 hp.
The iguana attacks as you move away! The iguana bites you!
* * * LOW HITPOINT WARNING * * *
😱 HP[-8]
You take 8 damage, and now have 1/27 hp.
MASSIVE DAMAGE!! (PAUSE)
The iguana attacks as you move away! The iguana bites you.
You die...

Skill      XL: |  1  2  3 |
---------------+----------+-----
Stealth        | 2 4 5 |  5.3
Fighting       | |  1.7
Short Blades   | |  3.2
Throwing       | |  1.5
Dodging        | |  3.2

Action                   || total
-------------------------++-------
Melee: Rapier            ||   102
       Bite              ||    11
 Stab: Sleeping          ||     8
Armor: Leather armour    ||    33
Dodge: Dodged            ||    70

Levels and vault maps discovered:
D:1:      moated_graveyard_arrival, layout_rooms
D:2:      layout_basic, serial_shops, shop, nicolae_shop_stone, shop, shop

Notes
Turn   | Place    | Note
-------+----------+-------------------------------------------
     0 | D:1      | Faeu the Vampire Gladiator began the quest for the Orb.
     0 | D:1      | Reached XP level 1. HP: 16/16 MP: 1/1
     0 | D:1      | magus.rc [v1.9.6]
    78 | D:1      | Reached skill level 1 in Stealth
   134 | D:1      | Reached skill level 2 in Stealth
   162 | D:1      | Reached XP level 2. HP: 17/22 MP: 2/2
   231 | D:1      | Reached skill level 3 in Stealth
   363 | D:1      | Reached skill level 4 in Stealth
   573 | D:2      | Found Inkudaxt's Book Boutique.
   599 | D:2      | Found Wulat's Distillery.
   605 | D:2      | Gained mutation: You are afflicted with vampirism and can
                  | become a bat while bloodless. [Vampire growth]
   605 | D:2      | Reached XP level 3. HP: 26/27 MP: 3/3
   686 | D:2      | Reached skill level 5 in Stealth
   778 | D:2      | Found Sowusots's Weapon Shop.
   906 | D:2      | HP: 1/27 [iguana (8)]
   908 | D:2      | Slain by an iguana

Vanquished Creatures
  An adder (D:2)
  5 endoplasms
  4 giant cockroaches
  3 goblins
  2 hobgoblins
  2 jackals (D:2)
  2 kobolds
  2 quokkas (D:1)
  7 ball pythons
  4 bats
  A frilled lizard (D:2)
  2 rats
35 creatures vanquished.

Table legend:
 A = Non-vault XP
 B = Vault XP
 C = Vault XP percentage of total XP
 D = Non-vault monster count
 E = Vault monster count
 F = Vault count percentage of total count
                 A         B        C        D         E       F
            +---------+---------+-------+---------+---------+-------
      Total |      73 |       0 |   0.0 |      35 |       0 |   0.0
            +---------+---------+-------+---------+---------+-------
        D:1 |      33 |       0 |   0.0 |      19 |       0 |   0.0
        D:2 |      40 |       0 |   0.0 |      16 |       0 |   0.0
            +---------+---------+-------+---------+---------+-------

Illustrated notes

Table legend:
 A = Kills in this place as a percentage of kills in entire the game.
 B = Kills by you in this place as a percentage of kills by you in the entire game.
 C = Kills by friends in this place as a percentage of kills by friends in the entire game.
 D = Other kills in this place as a percentage of other kills in the entire game.
 E = Experience gained in this place as a percentage of experience gained in the entire game.
 F = Experience gained in this place divided by the number of levels of this place that you have seen.
                   A       B       C       D       E      F
               +-------+-------+-------+-------+-------+----------------------
         Total | 100.0 | 100.0 |   N/A |   N/A | 100.0 |  36.5
       Dungeon | 100.0 | 100.0 |   N/A |   N/A | 100.0 |  36.5
               +-------+-------+-------+-------+-------+----------------------

Table legend: (Time is in decaauts)
 A = Elapsed time spent in this place.
 B = Non-inter-level travel time spent in this place.
 C = Inter-level travel time spent in this place.
 D = Time resting spent in this place.
 E = Time spent auto-exploring this place.
 F = Levels seen in this place.
 G = Mean time per level.
                   A        B        C        D        E       F      G
               +--------+--------+--------+--------+--------+-----+--------+
         Total |    912 |    899 |     13 |      0 |    660 |   2 |  456.0 |
       Dungeon |    912 |    899 |     13 |      0 |    660 |   2 |  456.0 |
               +--------+--------+--------+--------+--------+-----+--------+

Top non-repeatable levels by time:
     D:1: 512 daAuts
     D:2: 399 daAuts
